 Dungeon Crawl Stone Soup version 0.29.1-15-g9cfb28693d (webtiles) character file.

Game seed: 17008453542346676098

2 leafyfresh the Sneak (level 1, 0/16 HPs)
             Began as an Octopode Delver on Mar 4, 2023.
             Succumbed to a kobold brigand's poison
             ... on level 5 of the Dungeon.
             The game lasted 00:00:09 (25 turns).

leafyfresh the Sneak (Octopode Delver)                Turns: 25, Time: 00:00:10

Health: 0/16       AC:  1    Str: 11    XL:     1   Next: 40%
Magic:  1/1        EV: 13    Int: 12    God:
Gold:   0          SH:  0    Dex: 13    Spells: 0/0 levels left

rFire   . . .      SeeInvis .   a - +0 short sword
rCold   . . .      Faith    .   (no shield)
rNeg    . . .      Spirit   .   (helmet restricted)
rPois   .          Reflect  .   (no amulet)
rElec   .          Harm     .   (no ring)
rCorr   .          Rampage  .   (no ring)
Will    .....                   (no ring)
Stlth   ++++......              (no ring)
HPRegen 0.05/turn               (no ring)
MPRegen 0.07/turn               (no ring)
                                (no ring)
                                (no ring)

@: lethally poisoned (0 -> -6)
A: almost no armour, amphibious, 8 rings, camouflage 1, gelatinous body 1,
(nimble swimmer 1), tentacles
a: no special abilities


You were on level 5 of the Dungeon.
You visited 1 branch of the dungeon, and saw 1 of its levels.

Inventory:

Hand Weapons
 a - a +0 short sword (weapon)
Wands
 f - a wand of digging (3)
Scrolls
 b - a scroll of fog
 c - a scroll of magic mapping
 d - a scroll of fear
Potions
 e - a potion of haste


   Skills:
 + Level 3.0 Fighting
 - Level 2.0 Short Blades
 + Level 2.1 Dodging
 + Level 6.6 Stealth


You couldn't memorise any spells.
You didn't know any spells.
Your spell library was empty.

Dungeon Overview and Level Annotations

Branches:
Dungeon (5/15)
 Temple: D:4-7

Altars:
Kikubaaqudgha


Innate Abilities, Weirdness & Mutations

You cannot wear most types of armour.
You are amphibious.
You can wear up to eight rings at the same time.
Your skin changes colour to match your surroundings (Stealth+).
Your rubbery body absorbs attacks. (AC +1, EV +1)
((You are camouflaged when in or above water. (Stealth+)))
You have tentacles for arms and can constrict up to eight enemies at once.


Message History

There is an open door here.
There are monsters nearby!
You barely miss the kobold. Your grab misses the kobold.
The kobold hits you with a +0 short sword.
There are monsters nearby!
You barely miss the kobold. Your grab misses the kobold.
A kobold brigand comes into view.
It is wielding a +0 dagger and quivering poisoned darts.
The kobold barely misses you.
You hit the kobold.
You kill the kobold!
You closely miss the kobold. You grab the kobold. You constrict the kobold.
The kobold hits you with a +0 dagger.
Unknown command.
You hit the kobold but do no damage.
The kobold is moderately wounded.
You constrict the kobold. The kobold misses you.
You hit the kobold but do no damage.
You tentacle-slap the kobold, but do no damage.
You squeeze the kobold.
You kill the kobold!
You closely miss the kobold. Your grab misses the kobold.
The kobold hits you but does no damage.
You closely miss the kobold. You grab the kobold.
You constrict the kobold, but do no damage.
The kobold hits you with a +0 dagger.
You hit the kobold but do no damage. You constrict the kobold.
The kobold closely misses you.
You hit the kobold.
The kobold is severely wounded.
You constrict the kobold.
You kill the kobold!
The kobold brigand throws a poisoned dart.
The poisoned dart hits you!
You are lethally poisoned!
You feel sick.
The kobold brigand hits you with a +0 dagger.
* * * LOW HITPOINT WARNING * * *
Items here: (( ))) †††.
You closely miss the kobold brigand. Your grab misses the kobold brigand.
You die...

#..# #+###+#..#
#.....#..###
+.._..+..+.#
#.....#..#.#
#+###'#..#.#
#.....#..#.#
+##+##'##'##'.##
#....@#.....#..#######
#....K#.....#.>.......
###'##+##+############
#. #


You could see a kobold brigand.

Vanquished Creatures
  3 kobolds (D:5)
3 creatures vanquished.

Notes
Turn   | Place    | Note
-------+----------+-------------------------------------------
     0 | D:5      | leafyfresh the Octopode Delver began the quest for the Orb.
     0 | D:5      | Reached XP level 1. HP: 16/16 MP: 1/1
     9 | D:5      | Found an ancient bone altar of Kikubaaqudgha.
    15 | D:5      | Noticed a kobold brigand
    25 | D:5      | Succumbed to a kobold brigand's poison

Illustrated notes

Levels and vault maps discovered:
D:5:      layout_basic, pdpol_wu_jian_five_deadly_venoms,
          mainiacjoe_overflow_24_doors

Action                   || total
-------------------------++-------
Melee: Short sword       ||    11
       Constrict         ||     2
       Punch             ||     1
       Tentacles         ||     1
Armor: Skin              ||     1
Dodge: Dodged            ||     3
